 Dungeon Crawl Stone Soup version 0.30-a0-222-ge547ba4400 (webtiles) character file.

Game seed: 10813699162264740126

74 qw the Chopper (level 4, -11/28 HPs)
             Began as a Gargoyle Fighter on Oct 8, 2022.
             Mangled by Menkaure (16 damage)
             ... on level 4 of the Dungeon.
             The game lasted 00:00:52 (2075 turns).

qw the Chopper (Gargoyle Fighter)                   Turns: 2075, Time: 00:00:53

Health: -11/28     AC: 11    Str: 21    XL:     4   Next: 28%
Magic:  4/4        EV:  9    Int:  9    God:
Gold:   121        SH:  4    Dex:  9    Spells: 3/3 levels left

rFire   . . .      SeeInvis .    Y - +1 war axe
rCold   + . .      Faith    .    c - +0 buckler
rNeg    + . .      Spirit   .    b - +0 scale mail
rPois   inf        Reflect  .    (no helmet)
rElec   +          Harm     .    (no cloak)
rCorr   .          Rampage  .    (no gloves)
Will    .....                    f - +0 pair of boots
Stlth   ..........               (no amulet)
HPRegen 0.24/turn                k - ring of protection from cold
MPRegen 0.09/turn                (no ring)

@: about to teleport
A: sickness immunity, AC +3, negative energy resistance 1, electricity
resistance, torment resistance 1, petrification resistance
a: no special abilities


You were on level 4 of the Dungeon.
You visited 1 branch of the dungeon, and saw 4 of its levels.

You collected 121 gold pieces.


Innate Abilities, Weirdness & Mutations

You are immune to sickness and miasma.
Your stone body is resilient. (AC +3)
You are immune to poison.
You resist negative energy. (rN+)
You are resistant to electric shocks. (rElec)
You are resistant to unholy torment.
You are immune to petrification.


   Skills:
 - Level 3.2 Fighting
 + Level 4.0 Axes
 - Level 3.2 Armour
 - Level 3.2 Shields


You had 3 spell levels left.
You didn't know any spells.
Your spell library was empty.

Inventory:

Hand Weapons
 i - a +1 whip of electrocution
 Y - a +1 war axe (weapon)
Armour
 b - a +0 scale mail (worn)
 c - a +0 buckler (worn)
 f - a +0 pair of boots (worn)
Jewellery
 k - a ring of protection from cold (left hand)
Scrolls
 a - a scroll of blinking {unknown}
 n - a scroll of teleportation
Potions
 d - 3 potions of might
 e - 2 potions of curing {unknown}
 g - a potion of attraction {unknown}
 h - a potion of heal wounds {unknown}
 j - a potion of brilliance {unknown}
 l - a potion of invisibility {unknown}
 m - a potion of haste {unknown}

Dungeon Overview and Level Annotations

Branches:
Dungeon (4/15)
 Temple: D:4-7

Altars:
Dithmenos

Annotations:
D:4 Menkaure


Message History

Done exploring.
(D) Dungeon
Where to? (* - list waypoints, Enter - D:3, ? - help)
What level of the Dungeon? (default 1, ? - help)
There is a stone staircase leading down here.
You climb downwards.
There is a stone staircase leading up here.
Existing waypoints: (1) D:2 (2) D:3 Assign waypoint to what number? (0-9, D - delete waypoint) Waypoint 1 re-assigned from D:2 to D:4.
e - 2 purple potions (gained 1)
You now have 121 gold pieces (gained 8).
a - a scroll labelled ABYULUSEUFY
Enter note:
Found a short iron wand.
Menkaure, Prince of Dust comes into view.
Menkaure shouts!
Menkaure's bandages flutter.
A kobold comes into view. It is wielding a +0 dagger.
Menkaure mumbles some strange words.
Menkaure seems to speed up.
The kobold throws a stone.
The stone hits you but does no damage.
The kobold throws a stone.
The stone closely misses you.
You hit Menkaure.
Menkaure is lightly damaged.
Menkaure closely misses you.
The kobold throws a stone.
The stone closely misses you.
You slash Menkaure!
Menkaure is severely damaged.
Menkaure hits you.
Menkaure shouts, "The sands of time shall wipe you from history!"
Menkaure hits you!!
Ouch! That really hurt!
2075 ||| READING 2 scrolls of teleportation.
As you read the scroll of teleportation, it crumbles to dust.
You feel strangely unstable. Menkaure hits you!
Ouch! That really hurt!
You die...

#...........#
.#...........#
#.............#
##............#
#............#
#...........)#
##...........#
#...........#
#.....@.....#
./.?...M##..##
.............#
...K....###..#
........# #.#
........# ..
........# ..
........#


You could see Menkaure (fast) and a kobold.

Vanquished Creatures
  An adder (D:3)
  A worm (D:2)
  A dart slug (D:1)
  An orc (D:3)
  4 bats (D:1)
  2 endoplasms
  5 giant cockroaches
  11 goblins
  3 hobgoblins (D:1)
  3 jackals (D:1)
  4 quokkas
  4 ball pythons
  2 frilled lizards
  3 kobolds
  4 rats
49 creatures vanquished.

Vanquished Creatures (others)
  2 fungi (D:1)
2 creatures vanquished.

Grand Total: 51 creatures vanquished

Notes
Turn   | Place    | Note
-------+----------+-------------------------------------------
     0 | D:1      | qw the Gargoyle Fighter began the quest for the Orb.
     0 | D:1      | Reached XP level 1. HP: 14/14 MP: 1/1
     0 | D:1      | 0 ||| qw: Version: 0.2-a-17-g06abaee
     0 | D:1      | 0 ||| qw: Game counter: 2024
     0 | D:1      | 0 ||| qw: Always use a shield: true
     0 | D:1      | 0 ||| qw: God list: Okawaru
     0 | D:1      | 0 ||| qw: Allow faded altars: false
     0 | D:1      | 0 ||| qw: Do Orc after D:15 true
     0 | D:1      | 0 ||| qw: Do second Lair branch before Depths: true
     0 | D:1      | 0 ||| qw: Lair rune preference: random
     0 | D:1      | 0 ||| qw: Plans: Normal, Zot:1-4, God:TSO, Crypt, Tomb,
                  | Pan, Slime:5, Hells, Abyss, Orb
     0 | D:1      | 0 ||| PLANNING D:1-11
     6 | D:1      | Noticed a water moccasin
     6 | D:1      | Noticed a lindwurm
     7 | D:1      | Noticed a wyvern
    39 | D:1      | Reached skill level 2 in Axes
    67 | D:1      | Reached XP level 2. HP: 19/19 MP: 2/2
   370 | D:1      | 370 ||| Stepping ~*~*~tactically~*~*~ (stealth).
   479 | D:1      | 479 ||| Stepping ~*~*~tactically~*~*~ (stealth).
   482 | D:1      | 482 ||| Stepping ~*~*~tactically~*~*~ (stealth).
   484 | D:1      | 484 ||| Stepping ~*~*~tactically~*~*~ (stealth).
   486 | D:1      | Reached skill level 3 in Axes
   489 | D:1      | Reached XP level 3. HP: 22/23 MP: 3/3
   553 | D:1      | Found a faded altar of an unknown god.
   833 | D:1      | 833 ||| DROPPING orb of guile.
   834 | D:1      | 834 ||| READING scroll labelled YZOUHURCHAI.
   835 | D:1      | 835 ||| READING scroll labelled DITYEL QAOTAES.
   836 | D:1      | 836 ||| READING scroll labelled ABBUVERUETH.
  1038 | D:2      | 1038 ||| DROPPING +0 whip.
  1041 | D:2      | 1041 ||| FLEEEEING.
  1042 | D:2      | 1042 ||| Stepping ~*~*~tactically~*~*~ (hiding).
  1450 | D:2      | 1450 ||| UPGRADING to +0 pair of boots.
  1455 | D:2      | 1455 ||| READING scroll labelled WELEUM LASTRI.
  1458 | D:2      | 1458 ||| READING scroll labelled ZETZUP LIXOOCS.
  1459 | D:2      | 1459 ||| READING scroll labelled WIYMAABAED.
  1460 | D:2      | 1460 ||| READING scroll labelled COF XAVIUZOST.
  1812 | D:3      | Reached XP level 4. HP: 24/28 MP: 4/4
  1910 | D:3      | Reached skill level 4 in Axes
  1973 | D:3      | Found a shadowy altar of Dithmenos.
  2033 | D:3      | 2033 ||| UPGRADING to ring of protection from cold.
  2034 | D:3      | 2034 ||| READING scroll labelled GID DAMYAKLIE.
  2069 | D:4      | Noticed Menkaure
  2074 | D:4      | HP: 5/28 [Menkaure (19)]
  2075 | D:4      | 2075 ||| READING 2 scrolls of teleportation.
  2075 | D:4      | Mangled by Menkaure

Levels and vault maps discovered:
D:1:      onia_arrival_zoo_common, layout_basic,
          dreamdust_ecumenical_altar_angels_and_demons,
          dreamdust_mushroom_princess, minmay_quantized
D:2:      layout_loops_cross
D:3:      layout_basic, mainiacjoe_overflow_catwalk, kennysheep_generic_room_9
D:4:      layout_basic, cheibrodos_gnoll_hut, uniq_menkaure

Skill      XL: |  1  2  3  4 |
---------------+-------------+-----
Axes           | 2 3 4 |  4.0
Fighting       | |  3.2
Armour         | |  3.2
Shields        | |  3.2

Action                   |  1- 3 |  4- 6 || total
-------------------------+-------+-------++-------
Melee: War axe           |   142 |    14 ||   156
  Use: Scroll            |     7 |     2 ||     9
Armor: Scale mail        |    83 |     2 ||    85
Dodge: Dodged            |    57 |     7 ||    64
Block: Buckler           |    29 |     2 ||    31

Table legend:
 A = Non-vault XP
 B = Vault XP
 C = Vault XP percentage of total XP
 D = Non-vault monster count
 E = Vault monster count
 F = Vault count percentage of total count
                 A         B        C        D         E       F
            +---------+---------+-------+---------+---------+-------
      Total |      93 |      13 |  12.3 |      42 |       7 |  14.3
            +---------+---------+-------+---------+---------+-------
        D:1 |      44 |       9 |  17.0 |      23 |       5 |  17.9
        D:2 |      13 |       0 |   0.0 |       6 |       0 |   0.0
        D:3 |      36 |       4 |  10.0 |      13 |       2 |  13.3
            +---------+---------+-------+---------+---------+-------
